 Dungeon Crawl Stone Soup version 0.28.0-53-g5a82cb258f (webtiles) character file.

Game seed: 10613871577411682888

224 ChickenMitten the Chopper (level 5, 0/75 HPs)
             Began as a Deep Dwarf Berserker on Aug 6, 2022.
             Was a Follower of Trog.
             Slain by a gnoll
             ... wielding a +0 flail
              (7 damage)
             ... on level 5 of the Dungeon.
             The game lasted 00:02:30 (2291 turns).

ChickenMitten the Chopper (Deep Dwarf Berserker)    Turns: 2291, Time: 00:02:30

Health: 0/75       AC:  3    Str: 22    XL:     5   Next: 67%
Magic:  4/4        EV: 12    Int:  8    God:    Trog [*.....]
Gold:   64         SH:  0    Dex: 12    Spells: 4/4 levels left

rFire   . . .      SeeInvis .   a - +0 hand axe
rCold   . . .      Faith    .   (no shield)
rNeg    . . .      Spirit   .   b - +0 animal skin
rPois   .          Reflect  .   (no helmet)
rElec   .          Harm     .   (no cloak)
rCorr   .          Rampage  .   (no gloves)
Will    .....                   g - +0 pair of boots
Stlth   ..........              (no amulet)
HPRegen 0.00/turn               (no ring)
MPRegen 0.09/turn               (no ring)

@: berserking, very quick
A: damage resistance, heal wounds, sense surroundings 1, no regeneration
a: Heal Wounds, Renounce Religion, Berserk


You were on level 5 of the Dungeon.
You worshipped Trog.
Trog was aware of your devotion.
You visited 1 branch of the dungeon, and saw 4 of its levels.

You collected 64 gold pieces.

Inventory:

Hand Weapons
 a - a +0 hand axe (weapon)
Armour
 b - a +0 animal skin (worn)
 g - a +0 pair of boots (worn)
Scrolls
 c - a scroll of identify {unknown}
 d - a scroll of fear {unknown}
 f - a scroll of immolation {unknown}
 i - a scroll of amnesia {unknown}
 k - a scroll of enchant armour {unknown}
 l - a scroll of magic mapping {unknown}
 m - a scroll of vulnerability {unknown}
 n - a scroll of enchant weapon {unknown}
Potions
 e - 2 potions of attraction {unknown}
 h - 2 potions of curing {unknown}
 j - 3 potions of haste {unknown}


   Skills:
 * Level 4.1 Fighting
 * Level 5.6 Axes
 * Level 3.0 Armour
 - Level 2.1 Dodging


You had 4 spell levels left.
You didn't know any spells.
Your spell library was empty.

Dungeon Overview and Level Annotations

Branches:
Dungeon (3/15)

Altars:
Hepliaklqana

Annotations:
D:3 2 transporters


Innate Abilities, Weirdness & Mutations

You are resistant to damage.
You can heal yourself by infusing magical energy.
You passively map a small area around you.
You do not regenerate.


Message History

The gnoll shaman closely misses you.
You slash the gnoll shaman!
The gnoll shaman is heavily wounded.
You hit the gnoll but do no damage.
The gnoll shaman calls upon its god to speed up the gnoll.
The gnoll seems to speed up.
A red film seems to cover your vision as you go berserk!
You feel yourself moving faster!
You feel mighty! The gnoll closely misses you.
The gnoll hits you from afar with a +0 halberd!
The gnoll shaman closely misses you. The gnoll barely misses you.
You closely miss the gnoll. x2; You completely miss the gnoll shaman.
The gnoll barely misses you. The gnoll closely misses you.
The gnoll shaman barely misses you. The gnoll barely misses you.
You barely miss the gnoll. x2; You slash the gnoll shaman!
The gnoll hits you with a +0 whip. The gnoll barely misses you.
The gnoll shaman calls upon its god to speed up the gnoll.
The gnoll seems to speed up.
The gnoll hits you but does no damage.
You closely miss the gnoll. You hit the gnoll.
You closely miss the gnoll shaman. The gnoll hits you with a +0 flail!
The gnoll hits you from afar with a +0 halberd.
* * * LOW HITPOINT WARNING * * *
The gnoll misses you.
You hit the gnoll.
The gnoll is moderately wounded.
You slash the gnoll shaman!
You feel the power of Trog in you as your rage grows.
You kill the gnoll shaman!
Trog accepts your kill.
You slash the gnoll!
You kill the gnoll!
Trog accepts your kill. The gnoll hits you with a +0 flail!
* * * LOW HITPOINT WARNING * * *
The gnoll hits you from afar with a +0 halberd.
* * * LOW HITPOINT WARNING * * *
Your Armour skill increases to level 3!
You barely miss the gnoll.
The gnoll is moderately wounded.
The gnoll misses you. The gnoll hits you with a +0 flail!
You die...

#.........)).)#
,
#..........)..#
,
#.............#
*
#.............#
#.............#
* ,
#.............#
#...........g.#
#...........g)#
#...........)@#
###############


You could see 2 gnolls.

Vanquished Creatures
  An orc warrior (D:5)
  A centaur skeleton (D:5)
  An orc priest (D:5)
  A gnoll shaman (D:5)
  A gnoll (D:5)
  An ufetubus (D:5)
  A dart slug (D:1)
  3 orcs (D:5)
  3 ball pythons
  2 bats
  An endoplasm (D:2)
  2 giant cockroaches
  4 goblins
  2 hobgoblins (D:1)
  A kobold (D:3)
  A quokka (D:2)
  2 frilled lizards
28 creatures vanquished.

Notes
Turn   | Place    | Note
-------+----------+-------------------------------------------
     0 | D:1      | ChickenMitten the Deep Dwarf Berserker began the quest for
                  | the Orb.
     0 | D:1      | Reached XP level 1. HP: 20/20 MP: 1/1
   297 | D:1      | Reached XP level 2. HP: 27/27 MP: 2/2
   555 | D:1      | Found a faded altar of an unknown god.
  1035 | D:2      | Found a hazy altar of Hepliaklqana.
  1621 | D:3      | Found a transporter.
  1626 | D:3      | Noticed an electric eel
  1626 | D:3      | Noticed an electric eel
  1626 | D:3      | Noticed an electric eel
  1634 | D:3      | Found a transporter.
  1850 | D:3      | You fall into a shaft and drop 2 floors!
  1850 | D:5      | Entered Level 5 of the Dungeon
  1865 | D:5      | Reached skill level 4 in Axes
  1865 | D:5      | Reached XP level 3. HP: 30/34 MP: 3/3
  2063 | D:5      | Noticed an orc warrior
  2086 | D:5      | Reached XP level 4. HP: 42/42 MP: 4/4
  2239 | D:5      | Killed an orc warrior
  2240 | D:5      | Reached skill level 5 in Axes
  2240 | D:5      | Reached XP level 5. HP: 31/50 MP: 5/5
  2291 | D:5      | Slain by a gnoll

Illustrated notes

Levels and vault maps discovered:
D:1:      lemuel_arrival_room, layout_loops_ring, basic_ecumenical_altar
D:2:      layout_loops_corners, basic_altar
D:3:      gammafunk_steamed_eel, layout_rooms, nemelex_altar_shiori
D:5:      layout_basic, uniq_blork_the_orc, uniq_sigmund, uniq_menkaure

Skill      XL: |  1  2  3  4  5 |
---------------+----------------+-----
Fighting       | 3 4 |  4.1
Axes           | 4 5 |  5.6
Armour         | 3 |  3.0
Dodging        | |  2.1

Action                   |  1- 3 |  4- 6 || total
-------------------------+-------+-------++-------
Melee: Hand axe          |    82 |    20 ||   102
       Punch             |     1 |       ||     1
Invok: Berserk           |     5 |     2 ||     7
 Abil: Heal Wounds       |     1 |     1 ||     2
 Stab: Sleeping          |     1 |       ||     1
Armor: Animal skin       |    27 |     1 ||    28
Dodge: Dodged            |    74 |    17 ||    91
